 Dungeon Crawl Stone Soup version 0.31.0-32-g396128a36d (webtiles) character file.

Game seed: 1385724714936453189

111 Tuss the Shield-Bearer (level 4, -1/36 HPs)
             Began as a Human Fighter on Apr 3, 2024.
             Slain by a gnoll
             ... wielding a +0 spear
              (3 damage)
             ... on level 3 of the Dungeon.
             The game lasted 00:10:22 (2333 turns).

Tuss the Shield-Bearer (Human Fighter)              Turns: 2333, Time: 00:10:23

Health: -1/36      AC:  6    Str: 18    XL:     4   Next: 92%
Magic:  4/4        EV:  9    Int:  9    God:
Gold:   142        SH:  0    Dex: 12    Spells: 3/3 levels left

rFire   . . .        a - +0 war axe
rCold   . . .        o - orb {mayhem}
rNeg    . . .        b - +0 scale mail
rPois   .            (no helmet)
rElec   .            (no cloak)
rCorr   .            (no gloves)
SInv    .            (no boots)
Will    .....        (no amulet) Stlth
                     (no ring)
HPRegen 0.26/turn    (no ring)
MPRegen 0.09/turn

%: mayhem
@: no status effects
A: explore regen
a: no special abilities


You were on level 3 of the Dungeon.
You visited 1 branch of the dungeon, and saw 4 of its levels.

You collected 142 gold pieces.

Inventory:

Hand Weapons
 a - a +0 war axe (weapon)
Missiles
 r - 2 throwing nets
 t - 4 poisoned darts (quivered)
Armour
 b - a +0 scale mail (worn)
 c - a +0 buckler
 o - an orb of mayhem (worn)
 s - an orb of energy
Talismans
 e - a serpent talisman
 j - a flux talisman
Scrolls
 g - a scroll of fear {unknown}
 h - 3 scrolls of teleportation {unknown}
 i - 3 scrolls of blinking {unknown}
 l - 2 scrolls of noise {unknown}
 m - a scroll of poison {unknown}
 q - a scroll of silence {unknown}
Potions
 d - a potion of might
 f - a potion of enlightenment {unknown}
 k - a potion of curing {unknown}
 n - a potion of attraction {unknown}
 p - a potion of resistance {unknown}


   Skills:
 + Level 3.6 Fighting
 + Level 3.0 Axes
 + Level 3.6 Armour
 + Level 0.7 Dodging
 + Level 3.7 Shields


You had 3 spell levels left.
You didn't know any spells.
Your spell library contained the following spells:

 Spells                   Type           Power      Damage    Failure   Level
 Volatile Blastmotes      Fire/Tloc      0%         2d10      98%         3
 Fulminant Prism          Conj/Alch      0%         3d5       100%        4
 Iskenderun's Mystic Bla  Conj/Tloc      0%         2d3       100%        4


Dungeon Overview and Level Annotations

Branches:
Dungeon (4/15)
 Temple: D:4-7

Altars:
Xom

Annotations:
D:4 Edmund


Innate Abilities, Weirdness & Mutations

You regain HP and MP as you explore.


Message History

You feel sick.
The adder bites you but does no damage. x2
You slash the adder!
You kill the adder!
You feel sick.
You are no longer poisoned.
The bat closely misses you.
You barely miss the gnoll.
The gnoll hits you but does no damage. x2
You closely miss the gnoll. The gnoll hits you but does no damage.
You hit the gnoll but do no damage. The gnoll barely misses you.
You slash the gnoll!
The gnoll is almost dead.
The gnoll hits you with a +0 whip. x2
You closely miss the gnoll.
The gnoll is almost dead.
The gnoll hits you with a +0 whip.
You barely miss the gnoll.
The gnoll is almost dead.
The gnoll hits you but does no damage.
You slash the gnoll!
You kill the gnoll!
The bat closely misses you. The bat hits you but does no damage.
Your Axes skill increases to level 3!
You barely miss the bat. The bat hits you but does no damage.
The bat barely misses you.
The gnoll hits you from afar with a +0 spear.
* * * LOW HITPOINT WARNING * * *
The gnoll barely misses you.
You slash the bat!
You kill the bat!
The gnoll hits you from afar with a +0 spear.
* * * LOW HITPOINT WARNING * * *
You closely miss the kobold. The kobold completely misses you.
The gnoll hits you from afar with a +0 spear.
* * * LOW HITPOINT WARNING * * *
The gnoll barely misses you.
You hit the kobold.
You kill the kobold!
The gnoll flies into a frenzy!
The gnoll closely misses the gnoll.
The gnoll hits you from afar with a +0 spear.
You die...

# . ##... .. #####....#
...###########g)@..#
.............gg##### #####
....#.......#### #...#
...g........# #.#.#
...#........# #.#<## ..
#........####### ##.#.##
##.........#...## ###..#)##
#..............## #...#....
#...............#####>##...##


You could see 2 gnolls and a neutral gnoll (fast, strong, frenzied, distracted).

Vanquished Creatures
  Terence (D:2)
  A gnoll (D:3)
  2 adders
  A ribbon worm (D:2)
  An orc (D:3)
  3 ball pythons (D:1)
  6 endoplasms
  4 giant cockroaches
  8 goblins
  A hobgoblin (D:1)
  7 jackals (D:3)
  4 kobolds
  3 quokkas
  2 bats
  2 frilled lizards (D:1)
  3 rats
49 creatures vanquished.

Vanquished Creatures (others)
  A rat (D:3)
1 creature vanquished.

Grand Total: 50 creatures vanquished

Notes
Turn   | Place    | Note
-------+----------+-------------------------------------------
     0 | D:1      | Tuss the Human Fighter began the quest for the Orb.
     0 | D:1      | Reached XP level 1. HP: 18/18 MP: 1/1
   127 | D:1      | Reached XP level 2. HP: 24/24 MP: 2/2
  1104 | D:2      | Reached XP level 3. HP: 18/29 MP: 3/3
  1132 | D:3      | Found a shimmering altar of Xom.
  1132 | D:3      | Found a shimmering altar of Xom.
  1132 | D:3      | Found a shimmering altar of Xom.
  1132 | D:3      | Found a shimmering altar of Xom.
  1541 | D:2      | Noticed Terence
  1567 | D:2      | Killed Terence
  1568 | D:2      | Reached XP level 4. HP: 9/35 MP: 4/4
  1960 | D:4      | Noticed an ogre
  2125 | D:4      | Noticed Edmund
  2332 | D:3      | HP: 1/36 [gnoll/+0 spear (2)]
  2333 | D:3      | Slain by a gnoll

Illustrated notes

Levels and vault maps discovered:
D:1:      amcnicky_arrival_blooded_trapdoor, layout_rooms, st_stairs_13,
          minmay_tiny_reverse_x
D:2:      layout_basic, uniq_terence
D:3:      layout_rooms, nicolae_xom_altar_mimics
D:4:      layout_cave_pools, zin_angel, uniq_edmund, uniq_robin

Skill      XL: |  1  2  3  4 |
---------------+-------------+-----
Axes           | 3 |  3.0
Fighting       | |  3.6
Armour         | |  3.6
Dodging        | |  0.7
Shields        | |  3.7

Action                     |  1- 3 |  4- 6 || total
---------------------------+-------+-------++-------
  Melee: War axe           |    77 |    75 ||   152
 Armour: Scale mail        |    73 |   124 ||   197
  Dodge: Dodged            |    42 |    71 ||   113
  Block: Buckler           |    26 |     5 ||    31
